 Dungeon Crawl Stone Soup version 0.23-a0-78-gc252fe1 (webtiles) character file.

14417 Amnesiac the Zephyrmancer (level 11, -27/76 HPs)
             Began as a Mummy Air Elementalist on Aug 10, 2018.
             Was a High Priest of Sif Muna.
             Hit by a large rock thrown by a stone giant (44 damage)
             ... on level 2 of the Orcish Mines on Aug 11, 2018.
             The game lasted 00:34:40 (13967 turns).

Amnesiac the Zephyrmancer (Mummy Air Elementalist) Turns: 13967, Time: 00:34:41

Health: -27/76     AC:  8    Str: 12    XL:     11   Next: 88%
Magic:  21/41      EV: 14    Int: 19    God:    Sif Muna [*****.]
Gold:   625        SH:  0    Dex: 13    Spells: 27/32 levels left

rFire    . . .     SeeInvis +   x - staff of power
rCold    . . .     Gourm    .   (no shield)
rNeg     + + +     Faith    +   A - +0 troll leather armour
rPois    ∞         Spirit   .   c - +1 helmet {SInv}
rElec    .         Reflect  .   D - +0 cloak {+Inv}
rCorr    .         Harm     .   v - +0 pair of gloves
MR       +....                  (no boots)
Stlth    ++........             e - amulet of faith
HPRegen  0.62/turn              b - ring of fire
MPRegen  0.27/turn              q - +2 ring of intelligence

@: divine energy
A: no food or potions, fire vulnerability, cold resistance 1, negative energy
resistance 3, torment resistance, unbreathing
a: Stop Divine Energy, Channel Magic, Forget Spell, Renounce Religion, Evoke
Invisibility


You were on level 2 of the Orcish Mines.
You worshipped Sif Muna.
Sif Muna was extremely pleased with you.
You were not hungry.

You visited 3 branches of the dungeon, and saw 15 of its levels.
You also visited: Labyrinth.

You collected 1002 gold pieces.
You spent 377 gold pieces at shops.

Inventory:

Hand Weapons
 a - a +2 short sword of freezing
 y - a +0 long sword
Armour
 c - a +1 helmet of see invisible (worn)
 g - +0 acid dragon scales
 v - a +0 pair of gloves (worn)
 A - a +0 troll leather armour (worn)
 D - a +0 cloak of invisibility (worn)
Magical Staves
 x - an uncursed staff of power (weapon)
Jewellery
 b - a ring of fire (left hand)
 e - an amulet of faith (around neck)
 q - a +2 ring of intelligence (right hand)
Wands
 i - a wand of scattershot (4)
 k - a wand of acid (1)
 m - a wand of iceblast (13)
 n - a wand of random effects (25)
 p - a wand of paralysis (36)
 u - a wand of digging (27)
Scrolls
 f - 4 scrolls of teleportation {!r}
 l - a scroll of enchant armour {!r}
 o - a scroll of amnesia {!r}
 r - 2 scrolls of magic mapping {!r}
 s - a scroll of vulnerability {!r}
 t - a scroll of enchant weapon {!r}
 w - 2 scrolls of remove curse {!r}
 B - a scroll of silence {!r}
 C - a scroll of brand weapon {!r}


   Skills:
 + Level 3.7 Fighting
 * Level 5.0 Dodging
 - Level 1.5 Stealth
 - Level 11.0 Spellcasting
 - Level 2.0 Conjurations
 - Level 11.1 Air Magic
 - Level 8.0 Invocations


You had 27 spell levels left.
You knew the following spells:

 Your Spells              Type           Power        Failure   Level  Hunger
a - Airstrike             Air            ######....   1%          4    N/A
d - Shock                 Conj/Air       ####         1%          1    N/A

Your spell library contained the following spells:

 Spells                   Type           Power        Failure   Level  Hunger
 Magic Dart               Conj           ###.         3%          1    N/A
 Apportation              Tloc           ##....       9%          1    N/A
 Lightning Bolt           Conj/Air       #####.....   16%         5    N/A
 Bolt of Magma            Conj/Fire/Erth ###.......   87%         5    N/A
 Venom Bolt               Conj/Pois      ##........   83%         5    N/A
 Death's Door             Chrm/Necr      ##........   100%        8    N/A
 Summon Small Mammal      Summ           ##..         9%          1    N/A
 Lehudib's Crystal Spear  Conj/Erth      ##........   100%        8    N/A
 Iskenderun's Mystic Bla  Conj           ###.....     36%         4    N/A
 Animate Skeleton         Necr           N/A          9%          1    N/A
 Haunt                    Necr/Summ      ##........   100%        7    N/A
 Borgnjor's Revivificati  Necr           ##........   100%        8    N/A
 Summon Ice Beast         Ice/Summ       ##......     63%         4    N/A
 Call Imp                 Summ           ##......     13%         2    N/A
 Iron Shot                Conj/Erth      ##........   100%        6    N/A
 Swiftness                Chrm/Air       ####....     1%          2    N/A
 Spider Form              Tmut/Pois      ##........   26%         3    N/A
 Blade Hands              Tmut           ##........   93%         5    N/A
 Ice Form                 Ice/Tmut       ##......     63%         4    N/A
 Necromutation            Tmut/Necr      ##........   100%        8    N/A
 Throw Icicle             Conj/Ice       ##......     50%         4    N/A
 Confusing Touch          Hex            ##....       9%          1    N/A
 Sticks to Snakes         Tmut           ##......     13%         2    N/A
 Call Canine Familiar     Summ           ##......     26%         3    N/A
 Ensorcelled Hibernation  Hex/Ice        ##....       13%         2    N/A
 Shatter                  Erth           ##........   100%        9    N/A
 Static Discharge         Conj/Air       #####...     1%          3    N/A
 Petrify                  Tmut/Erth      ##......     63%         4    N/A
 Orb of Destruction       Conj           ###.......   100%        7    N/A
 Beastly Appendage        Tmut           ##....       9%          1    N/A
 Iskenderun's Battlesphe  Conj/Chrm      ##......     83%         5    N/A
 Fulminant Prism          Conj/Hex       ##........   50%         4    N/A
 Dazzling Spray           Conj/Hex       ##....       17%         3    N/A
 Force Lance              Conj/Tloc      ##......     50%         4    N/A
 Searing Ray              Conj           ###...       5%          2    N/A
 Summon Lightning Spire   Summ/Air       ####....     9%          4    N/A
 Summon Guardian Golem    Hex/Summ       ##......     26%         3    N/A
 Spellforged Servitor     Conj/Summ      ##........   100%        7    N/A
 Infestation              Necr           ##........   100%        8    N/A

Dungeon Overview and Level Annotations

Branches:
Dungeon (12/15)            Temple (1/1) D:5            Lair (0/6) D:11
    Orc (2/2) D:10
    Elf: Orc:2

Altars:
Ashenzari
Cheibriados
Dithmenos
Elyvilon
Fedhas
Gozag
Hepliaklqana
Kikubaaqudgha
Makhleb
Nemelex Xobeh
Okawaru
Qazlal
Ru
Sif Muna
Trog
Uskayaw
Vehumet
Wu Jian
Xom
Yredelemnul
Zin
The Shining One
Beogh

Shops:
D:7 =   D:9 :   D:11 *   Orc:2 *(


Innate Abilities, Weirdness & Mutations

You do not eat or drink.
Your flesh is vulnerable to fire.
You are immune to poison.
Your flesh is cold resistant. (rC+)
You are immune to negative energy. (rN+++)
You are immune to unholy pain and torment.
You can survive without breathing.


Message History

An ogre comes into view. It is wielding a giant club.
The ogre shouts!
An ogre comes into view. It is wielding a giant club.
The ogre shouts!
A troll comes into view.
The troll shouts!
A cyclops comes into view.
The cyclops shouts!
A two-headed ogre comes into view. It is wielding two giant clubs.
The two-headed ogre shouts in stereo!
You hear a shout! x4
The cyclops throws a large rock.
The large rock closely misses you.
A two-headed ogre comes into view. It is wielding two giant clubs.
An ogre comes into view. It is wielding a giant club. x5
A troll comes into view.
A deep troll comes into view.
A two-headed ogre comes into view.
It is wielding a giant spiked club and a giant club.
A troll comes into view.
An ogre comes into view. It is wielding a giant club.
An ogre comes into view. It is wielding a giant spiked club.
A troll comes into view.
A two-headed ogre comes into view.
It is wielding a dire flail and a giant spiked club.
An ogre mage comes into view. It is wielding a club.
A two-headed ogre comes into view. It is wielding two giant clubs.
An ogre comes into view. It is wielding a giant spiked club.
A deep troll comes into view.
A troll comes into view.
An ogre comes into view. It is wielding a giant spiked club.
A troll comes into view.
The troll shouts! x2; The deep troll shouts!
You hear a shout!
The ogre shouts! x2
You hear a shout! x2
Found 26 gold pieces and a large rock.
Found Kafo's Weapon Shoppe and Zayxiono's Assorted Antiques.
A two-headed ogre comes into view. It is wielding two giant clubs.
Okay, then.
Really read
d - a scroll of fog {!r}?
As you read the scroll of fog {!r}, it crumbles to dust.
The scroll dissolves into smoke.
The deep troll shouts!
The troll shouts!
The two-headed ogre shouts in stereo!
The ogre shouts! x4; You hear a shout!
The two-headed ogre shouts in stereo!
You hear a shout!
The cyclops throws a large rock.
The large rock hits you!
* * * LOW HITPOINT WARNING * * *
An ogre comes into view. It is wielding a giant spiked club.
You hear two shouts!
The ogre shouts!
Really read
f - 5 scrolls of teleportation {!r}?
As you read the scroll of teleportation {!r}, it crumbles to dust.
You feel strangely unstable.
An orc comes into view. It is wielding a club.
The orc shouts!
You hear a shout!
An orc warrior comes into view. It is wielding a dire flail.
You see here 21 gold pieces.
A warg and an orc come into view.
The orc shouts!
The warg howls!
You hear a shout!
An orc, an orc high priest, 2 ogres and an ogre mage come into view.
The orc is wielding a dagger of distortion.
Your surroundings suddenly seem different.
The ogre moves out of view. x2; The ogre mage moves out of view.
The orc high priest moves out of view.
The orc moves out of view.
Found 71 gold pieces.
A stone giant comes into view.
Okay, then.
Okay, then.
The stone giant shouts!
The stone giant throws a large rock.
The large rock hits you!!!
Ouch! That really hurt!
You die...

## ##. #..
###.###### ##
##........#..##
##...$..@..$...#
##...#.......$.##
#.............##
..............#
..C..........#.#
............#...#
..........####..#
.........## ..
........#.


You could see a stone giant.

Vanquished Creatures
  Gastronok (D:11)
  An unseen horror (D:11)
  An orc sorcerer (Orc:1)
  A manticore (D:10)
  Maurice (D:8)
  A cyclops (D:11)
  4 trolls
  3 hippogriffs
  A wyvern (D:8)
  13 yaks
  A human (D:11)
  A fire elemental (Orc:2)
  A hungry ghost (D:8)
  A steam dragon (D:12)
  2 vampire mosquitoes (D:12)
  An acid dragon (D:11)
  A hell hound (Orc:2)
  2 porcupines (D:11)
  2 ice beasts
  A sky beast (D:5)
  2 black bears
  7 orc warriors
  4 phantoms
  3 centaurs
  7 ogres
  A crocodile (D:11)
  10 bullfrogs
  A wyvern zombie (D:6)
  A gnoll sergeant (D:5)
  A wyvern skeleton (D:11)
  7 scorpions
  20 killer bees
  2 howler monkeys
  A centaur zombie (D:6)
  7 crimson imps
  3 jellies
  6 hounds
  2 bullfrog skeletons
  2 gnoll shamans (D:3)
  7 orc priests
  7 orc wizards
  A centaur skeleton (D:4)
  2 iguanas
  Natasha (thrice) (D:4)
  7 worker ants
  2 hound skeletons
  A worker ant zombie (D:8)
  A howler monkey skeleton (D:7)
  9 adders
  17 gnolls
  3 shadow imps
  3 oozes
  3 adder zombies
  2 adder skeletons
  A worm (D:3)
  A dart slug (D:2)
  7 leopard geckos
  43 orcs
  10 giant cockroaches
  10 goblins
  5 hobgoblins
  15 jackals
  10 kobolds
  2 quokkas
  6 bats
  3 frilled lizards
  A giant cockroach zombie (D:5)
  A leopard gecko skeleton (D:6)
  A quokka skeleton (D:6)
  12 rats
323 creatures vanquished.

Vanquished Creatures (others)
  A vampire mosquito (D:12)
  17 fungi (D:11)
  3 plants (D:11)
21 creatures vanquished.

Grand Total: 344 creatures vanquished

Notes
Turn   | Place    | Note
-------+----------+-------------------------------------------
     0 | D:1      | Amnesiac the Mummy Air Elementalist began the quest for the Orb.
     0 | D:1      | Reached XP level 1. HP: 13/13 MP: 4/4
   203 | D:1      | Reached XP level 2. HP: 19/19 MP: 5/5
   642 | D:2      | Reached XP level 3. HP: 22/24 MP: 7/7
   652 | D:4      | Noticed Natasha
  1284 | D:3      | Found an iron altar of Okawaru.
  1284 | D:3      | Found a faded altar of an unknown god.
  1289 | D:3      | Found a shimmering altar of Xom.
  1291 | D:3      | Found an opulent altar of Gozag.
  1292 | D:3      | Found a basalt altar of Yredelemnul.
  1389 | D:4      | Found an ancient bone altar of Kikubaaqudgha.
  1398 | D:3      | Reached XP level 4. HP: 25/30 MP: 9/9
  1404 | D:3      | Learned a level 4 spell: Airstrike
  1657 | D:3      | Reached XP level 5. HP: 35/35 MP: 11/11
  2344 | D:3      | Reached XP level 6. HP: 5/41 MP: 13/13
  3041 | D:4      | Killed Natasha
  3041 | D:4      | Reached skill level 5 in Air Magic
  3168 | D:4      | Noticed Natasha
  3170 | D:4      | Killed Natasha
  3170 | D:4      | Reached skill level 5 in Spellcasting
  3573 | D:4      | Noticed Natasha
  3576 | D:4      | Killed Natasha
  3707 | D:5      | Entered Level 5 of the Dungeon
  3943 | D:5      | Reached XP level 7. HP: 38/46 MP: 2/15
  5197 | D:5      | Found a staircase to the Ecumenical Temple.
  5206 | Temple   | Entered the Ecumenical Temple
  5250 | Temple   | Became a worshipper of Sif Muna the Loreminder
  6246 | D:2      | Reached XP level 8. HP: 52/52 MP: 2/18
  6521 | D:3      | Reached * piety under Sif Muna
  7101 | D:6      | Reached ** piety under Sif Muna
  7407 | D:6      | Found a shattered altar of Ashenzari.
  7562 | D:7      | Reached XP level 9. HP: 57/57 MP: 10/21
  7833 | D:7      | Reached *** piety under Sif Muna
  8243 | D:7      | Found Liseuhaf's Jewellery Boutique.
  8474 | D:8      | Reached **** piety under Sif Muna
  8545 | D:8      | Noticed Maurice
  8652 | D:8      | Killed Maurice
  8652 | D:8      | Reached skill level 10 in Spellcasting
  8652 | D:8      | Reached skill level 10 in Air Magic
  8866 | D:8      | Reached XP level 10. HP: 48/63 MP: 0/24
  9530 | D:9      | Reached ***** piety under Sif Muna
  9649 | D:9      | Found Oschuejea's Book Boutique.
  9811 | D:9      | Identified Sif Muna's Catalogue of the Congealing Mountains (Sif Muna gifted it to you on level 9 of the Dungeon)
  9811 | D:9      | Received a gift from Sif Muna
  9944 | D:10     | Entered Level 10 of the Dungeon
 10180 | D:10     | Reached skill level 1 in Invocations
 10263 | D:10     | Found a staircase to the Orcish Mines.
 10676 | D:10     | Reached skill level 5 in Invocations
 10895 | D:11     | Noticed a manticore
 10900 | D:10     | Killed a manticore
 10919 | D:11     | Noticed a four-headed hydra
 11021 | D:11     | Reached XP level 11. HP: 68/68 MP: 13/26
 11025 | D:11     | Identified a scroll of acquirement {!r}
 11111 | D:11     | Found Buekio's Assorted Antiques.
 11116 | D:11     | Bought an embroidered robe for 114 gold pieces
 11116 | D:11     | Bought a scroll labeled WUKOINL CAAXT for 31 gold pieces
 11116 | D:11     | Bought an embroidered cloak for 232 gold pieces
 11441 | D:11     | Noticed an unseen horror
 11449 | D:11     | Killed an unseen horror
 11598 | D:11     | Noticed Gastronok
 11751 | D:11     | Reached skill level 1 in Conjurations
 11836 | D:11     | Killed Gastronok
 11886 | D:11     | Found a staircase to the Lair.
 12106 | D:12     | Found a labyrinth entrance.
 12113 | Lab      | Entered a labyrinth
 12267 | Lab      | Noticed a minotaur
 12729 | Lab      | Got a brightly glowing scale mail
 12840 | D:10     | Identified the cursed +1 scale mail "Udysosy" {*Slow +Blink rElec Regen+} (You found it in a labyrinth)
 12912 | Orc:1    | Entered Level 1 of the Orcish Mines
 12982 | Orc:1    | Found a roughly hewn altar of Beogh.
 13140 | Orc:1    | Noticed an orc sorcerer
 13145 | Orc:1    | Killed an orc sorcerer
 13465 | Orc:1    | Noticed an ettin
 13732 | Orc:2    | Entered Level 2 of the Orcish Mines
 13956 | Orc:2    | Reached skill level 5 in Dodging
 13960 | Orc:2    | Found Kafo's Weapon Shoppe.
 13960 | Orc:2    | Found Zayxiono's Assorted Antiques.
 13960 | Orc:2    | Noticed a two-headed ogre
 13960 | Orc:2    | Noticed a two-headed ogre
 13960 | Orc:2    | Noticed a two-headed ogre
 13960 | Orc:2    | Noticed a deep troll
 13960 | Orc:2    | Noticed a two-headed ogre
 13960 | Orc:2    | Noticed a two-headed ogre
 13960 | Orc:2    | Noticed an ogre mage
 13960 | Orc:2    | Noticed a two-headed ogre
 13960 | Orc:2    | Noticed a deep troll
 13961 | Orc:2    | Noticed a two-headed ogre
 13965 | Orc:2    | Noticed an ogre mage
 13965 | Orc:2    | Noticed an orc high priest
 13966 | Orc:2    | Noticed a stone giant
 13967 | Orc:2    | Hit by a large rock thrown by a stone giant

Vault maps used:
D:1:      saegor_arrival_simple_b, serial_forest,
          infiniplex_forest_clump_diagonal, infiniplex_forest_clump_curved,
          infiniplex_forest_clump_large, infiniplex_forest_lined_3,
          infiniplex_forest_lined_room_, infiniplex_forest_clump_medium
D:2:      first_ration, skrybe_limestone_x, minmay_tromino_v4_b
D:3:      chequers_temple_overflow_minitemple
D:4:      kiku_gazebo_pond_becter, uniq_natasha
D:5:      lemuel_temple_firewalk_b
D:6:      ashenzari_altar_1
D:7:      serial_shops, shop
D:8:      uniq_maurice
D:9:      serial_shops, nicolae_shop_stone
D:10:     david_orc_1_choice
D:11:     due_lair_maze_entry_diamond, serial_shops, kennysheep_little_box,
          grunt_pizzeria, uniq_gastronok
D:12:     basic_altar, lab_entry_generic, uniq_fannar, uniq_josephine,
          uniq_sonja
Temple:   nicolae_temple_x_marks_the_god
Orc:1:    basic_altar
Orc:2:    st_orc_open, uniq_azrael
Lab:      labyrinth_watery, nicolae_lab_t_cross

Skill      XL: |  1  2  3  4  5  6  7  8  9 10 11 |
---------------+----------------------------------+-----
Spellcasting   | 3 4 5 6 8 10 11 | 11.0
Air Magic      | 3 4 5 6 8 10 11 | 11.1
Invocations    | 5 8 |  8.0
Conjurations   | 2 |  2.0
Fighting       | 3 |  3.7
Dodging        | 5 |  5.0
Stealth        | |  1.5

Action                   |  1- 3 |  4- 6 |  7- 9 | 10-12 || total
-------------------------+-------+-------+-------+-------++-------
Melee: Spear             |    79 |       |       |       ||    79
       Short sword       |    51 |   101 |    66 |    18 ||   236
       Staff             |       |       |       |     7 ||     7
Throw: Throwing net      |       |     1 |       |       ||     1
 Cast: Airstrike         |       |    23 |   193 |   336 ||   552
Invok: Divine Energy     |       |       |     1 |       ||     1
Evoke: Wand              |       |     2 |     2 |    11 ||    15
  Use: Scroll            |       |     2 |     8 |    11 ||    21
 Stab: Held in net/web   |       |     1 |       |       ||     1
Armor: Robe              |     4 |       |    29 |    12 ||    45
       Leather armour    |     4 |       |       |       ||     4
       Ring mail         |    46 |    23 |       |       ||    69
       Troll leather arm |       |       |       |    42 ||    42
Dodge: Dodged            |    80 |    59 |    96 |   134 ||   369

Table legend:
 A = Non-vault XP
 B = Vault XP
 C = Vault XP percentage of total XP
 D = Non-vault monster count
 E = Vault monster count
 F = Vault count percentage of total count
 G = Total turns spent on level
                 A         B        C        D         E       F
            +---------+---------+-------+---------+---------+-------
      Total |   16029 |    4568 |  22.2 |     297 |      27 |   8.3
            +---------+---------+-------+---------+---------+-------
        D:1 |      38 |       0 |   0.0 |      22 |       0 |   0.0
        D:2 |     130 |       3 |   2.3 |      26 |       2 |   7.1
        D:3 |     335 |       0 |   0.0 |      40 |       0 |   0.0
        D:4 |     233 |      35 |  13.1 |      13 |       1 |   7.1
        D:5 |     720 |       0 |   0.0 |      19 |       0 |   0.0
        D:6 |    1266 |       0 |   0.0 |      23 |       0 |   0.0
        D:7 |    1168 |       0 |   0.0 |      28 |       0 |   0.0
        D:8 |    2499 |     520 |  17.2 |      38 |       1 |   2.6
        D:9 |     545 |       0 |   0.0 |      12 |       0 |   0.0
       D:10 |    3275 |     262 |   7.4 |      22 |       9 |  29.0
       D:11 |    3299 |    3417 |  50.9 |      22 |      12 |  35.3
       D:12 |     696 |       0 |   0.0 |       7 |       0 |   0.0
      Orc:1 |    1593 |       0 |   0.0 |      17 |       0 |   0.0
      Orc:2 |     232 |     331 |  58.8 |       8 |       2 |  20.0
            +---------+---------+-------+---------+---------+-------
